 Dungeon Crawl Stone Soup version 0.20.1-1-g8b1a95d (webtiles) character file.

1425 Gremour the Carver (level 8, 0/58 HPs)
             Began as a Demonspawn Fighter on Dec 9, 2017.
             Was an Initiate of Yredelemnul.
             Slain by an orc warrior
             ... wielding a cursed +0 dire flail
              (20 damage)
             ... on level 6 of the Dungeon.
             The game lasted 00:25:14 (6485 turns).

Gremour the Carver (Demonspawn Fighter)             Turns: 6485, Time: 00:25:15

Health: 0/58       AC: 10    Str: 19    XL:     8   Next: 44%
Magic:  8/8        EV:  7    Int: 11    God:    Yredelemnul [......]
Gold:   305        SH:  9    Dex: 14    Spells: 7/7 levels left

rFire    . . .     SeeInvis +   a - +0 long sword
rCold    + . .     Gourm    .   c - +0 shield
rNeg     . . .     Faith    .   b - +0 scale mail
rPois    .         Spirit   .   (no helmet)
rElec    .         Reflect  .   (no cloak)
rCorr    .         Harm     +   w - +1 pair of gloves
MR       .....                  (no boots)
Stlth    ..........             g - amulet of harm
Regen    0.2/turn               s - +3 ring of strength
MPRegen  0.2/turn               (no ring)

@: flying, drained
A: slimy green scales 1, see invisible, cold resistance 1, demonic guardian 1,
wild magic 1, freezing cloud immunity
a: Renounce Religion


You were on level 6 of the Dungeon.
You worshipped Yredelemnul.
Yredelemnul was noncommittal.
You were not hungry.

You visited 2 branches of the dungeon, and saw 7 of its levels.
You also visited: Sewer.

You collected 305 gold pieces.

Inventory:

Hand Weapons
 a - a +0 long sword (weapon)
 e - a +3 short sword
Missiles
 t - 5 tomahawks (quivered)
Armour
 b - a +0 scale mail (worn)
 c - a +0 shield (worn)
 w - a +1 pair of gloves (worn)
Jewellery
 g - an amulet of harm (around neck)
 s - a +3 ring of strength (left hand)
Scrolls
 i - a scroll of remove curse
 j - a scroll of blinking
 k - a scroll of fear {unknown}
 l - a scroll of noise {unknown}
 m - a scroll of enchant weapon {unknown}
 n - a scroll of teleportation
 p - a scroll of recharging {unknown}
 r - a scroll of magic mapping
Potions
 u - a potion of curing
 v - a potion of flight
Comestibles
 f - 5 bread rations
 o - 3 fruits
 q - 2 chunks of flesh


   Skills:
 - Level 3.0(2.5) Fighting
 + Level 9.8(9.2) Long Blades
 - Level 2.6(2.2) Armour
 - Level 2.6(2.2) Shields


You had 7 spell levels left.
You didn't know any spells.

Dungeon Overview and Level Annotations

Branches:
Dungeon (6/15)             Temple (1/1) D:4

Altars:
Ashenzari
Cheibriados
Dithmenos
Elyvilon
Fedhas
Gozag
Hepliaklqana
Kikubaaqudgha
Makhleb
Nemelex Xobeh
Okawaru
Qazlal
Ru
Sif Muna
Trog
Uskayaw
Vehumet
Xom
Yredelemnul
Zin
The Shining One


Innate Abilities, Weirdness & Mutations

You are partially covered in slimy green scales. (AC +2)
Your flesh is cold resistant. (rC+)
A weak demonic guardian rushes to your aid.
You are immune to freezing clouds.
You have supernaturally acute eyesight. (SInv)
Your spells are a little harder to cast, but a little more powerful.


Message History

The orc barely misses your quasit.
Your quasit barely misses the orc. x2; Your quasit closely misses the orc.
The orc hits your quasit but does no damage.
Your quasit bites the orc.
Your quasit claws the orc but does no damage. x2
You block the orc warrior's attack. The orc closely misses your quasit.
Your quasit barely misses the orc.
Your quasit claws the orc but does no damage.
Your quasit barely misses the orc.
The orc hits your quasit with a club. The orc barely misses your quasit.
You feel better.
Your quasit barely misses the orc. x2
Your quasit claws the orc.
The orc dies!
Yredelemnul accepts your kill. The orc misses your quasit.
You hit the orc warrior.
The orc warrior is moderately wounded.
The orc warrior hits you with a dire flail!
You die...
Your body rises from the dead as a mindless zombie.

#≈≈≈#≈...# ***, #≈.≈#≈≈≈.#
*,,, #≈≈≈#≈≈≈.########## *,**
#''##≈...#........#########.#
#≈≈≈≈≈...#.######.#...o..[..#
#.≈≈.≈...#.# #.#.###.###.#
#..≈.......######.#o#*,,.#*,**
#..........##.o..5..#,,,,.#,,,
#######....##@###.###*,,,*#***
####.##.###.# **,** #.#...##.#
*,* #.....[..# *,* #####.####
*#+## #.# ##...## ##.#
##.....## ##..# ##.......##
##...####.........#*


You could see an orc warrior, an orc and a friendly quasit.

Vanquished Creatures
  A sky beast (D:5)
  A phantom (D:4)
  A black bear (D:4)
  An ogre (D:4)
  2 centaurs (D:5)
  A big kobold (Sewer)
  4 crimson imps
  2 hounds
  A centaur skeleton (D:4)
  2 bullfrog skeletons (D:4)
  An iguana (D:4)
  Terence (D:2)
  2 worker ants
  A hound zombie (D:5)
  8 adders
  7 gnolls
  A river rat (D:6)
  An ooze (D:1)
  An adder skeleton (D:4)
  4 worms
  4 dart slugs
  5 leopard geckos
  22 orcs
  A ball python (D:6)
  10 bats
  5 giant cockroaches
  12 goblins
  8 hobgoblins
  9 jackals
  8 kobolds
  6 frilled lizards
  A quokka skeleton (D:5)
  15 rats
  A spectral orc (D:5)
150 creatures vanquished.

Vanquished Creatures (collateral kills)
  2 ogres (D:5)
  A scorpion (D:4)
  A centaur skeleton (D:4)
  An orc wizard (D:5)
  3 gnolls
  An adder (D:4)
  An adder zombie (D:4)
  An orc (D:6)
  A jackal (Sewer)
  A frilled lizard (D:5)
  A kobold (Sewer)
14 creatures vanquished.

Grand Total: 164 creatures vanquished

Notes
Turn   | Place    | Note
-------+----------+-------------------------------------------
     0 | D:1      | Gremour the Demonspawn Fighter began the quest for the Orb.
     0 | D:1      | Reached XP level 1. HP: 18/18 MP: 1/1
   241 | D:1      | Reached skill level 2 in Long Blades
   247 | D:1      | Gained mutation: A weak demonic guardian rushes to your aid. [demonic ancestry]
   247 | D:1      | Reached XP level 2. HP: 24/24 MP: 2/2
   399 | D:1      | Reached skill level 3 in Long Blades
   507 | D:1      | Reached XP level 3. HP: 8/29 MP: 3/3
  1413 | D:2      | Gained mutation: You are partially covered in slimy green scales. (AC +2) [demonic ancestry]
  1413 | D:2      | Reached XP level 4. HP: 31/35 MP: 4/4
  1460 | D:2      | Noticed Terence
  1466 | D:2      | Killed Terence
  1466 | D:2      | Reached skill level 4 in Long Blades
  2064 | D:2      | Gained mutation: Your flesh is cold resistant. (rC+) [demonic ancestry]
  2064 | D:2      | Reached XP level 5. HP: 40/41 MP: 5/5
  2132 | D:3      | Reached skill level 5 in Long Blades
  2840 | D:3      | Found a bloodstained altar of Trog.
  3080 | D:3      | Found a deep blue altar of Sif Muna.
  3438 | D:4      | Noticed a phantom
  3456 | D:4      | Killed a phantom
  3456 | D:4      | Reached skill level 6 in Long Blades
  3456 | D:4      | Gained mutation: You are immune to freezing clouds. [demonic ancestry]
  3456 | D:4      | Reached XP level 6. HP: 40/47 MP: 6/6
  3479 | D:4      | Found a sparkling altar of Nemelex Xobeh.
  3632 | D:4      | Found a shimmering altar of Xom.
  3704 | D:4      | Reached skill level 7 in Long Blades
  3704 | D:4      | Reached XP level 7. HP: 51/52 MP: 7/7
  3727 | D:4      | Found a staircase to the Ecumenical Temple.
  4112 | Temple   | Entered the Ecumenical Temple
  4588 | D:4      | Reached skill level 8 in Long Blades
  4703 | D:5      | Entered Level 5 of the Dungeon
  4742 | D:5      | Found an iron altar of Okawaru.
  4878 | D:5      | Found a burning altar of Makhleb.
  4878 | D:5      | Found a radiant altar of Vehumet.
  4879 | D:5      | Found a hide-covered altar of Uskayaw.
  5320 | D:5      | Reached XP level 8. HP: 51/58 MP: 8/8
  5433 | D:5      | Reached skill level 9 in Long Blades
  5806 | D:5      | Gained mutation: Your spells are a little harder to cast, but a little more powerful. [mutagenic meat]
  5807 | D:5      | Gained mutation: You have supernaturally acute eyesight. (SInv) [mutagenic meat]
  6102 | D:5      | Found a basalt altar of Yredelemnul.
  6109 | D:5      | Became a worshipper of Yredelemnul the Dark
  6250 | D:6      | Found a glowing drain.
  6276 | Sewer    | Entered a sewer
  6354 | Sewer    | Found a white marble altar of Elyvilon.
  6485 | D:6      | Slain by an orc warrior

Skill      XL: |  1  2  3  4  5  6  7  8 |
---------------+-------------------------+-----
Long Blades    | 2 3 4 6 7 8 9 |  9.8
Fighting       | |  3.0
Armour         | |  2.6
Shields        | |  2.6

Action                   |  1- 3 |  4- 6 |  7- 9 || total
-------------------------+-------+-------+-------++-------
Melee: Long sword        |   135 |   246 |   194 ||   575
  Use: Potion            |       |     3 |     8 ||    11
       Scroll            |       |     2 |     5 ||     7
 Stab: Distracted        |       |     3 |     1 ||     4
  Eat: Chunk             |     2 |     8 |     7 ||    17
       Meat ration       |       |       |     1 ||     1
Armor: Scale mail        |    79 |   113 |    74 ||   266
       Skin              |       |    23 |       ||    23
Dodge: Dodged            |    42 |    60 |    58 ||   160
Block: Shield            |    61 |   132 |   111 ||   304
       Rpst.: Long sword |    21 |    23 |    22 ||    66
